cohdb
Replays
Latest Replays
All Replays
Popular Replays
Top Player Replays
Match Explorer
How It Works
Community
CoH3 Stats
Reddit
Sign in to upload your games and track your stats! →
Sign in with Steam
Match 42802636
Unlisted
Match 42802636
Overview
Messages
Build Orders
End
Royal Engineer Section
Selects Air and Sea Battlegroup
Construct Section Command Post
Dingo Light Scout Car
Vickers Machine Gun Team
Selects Supply Surplus
Construct Resource Cache
Construct Resource Cache
Construct Platoon Command Post
Selects UNKNOWN (223837)
Infantry Training
Construct Resource Cache
Royal Engineer Section
6-pounder Anti-tank Gun Team
Selects Commando Section Paradrop
Selects Commando Support Section Paradrop
Commando Section Paradrop
Vickers Machine Gun Team
Construct Company Command Post
Commando Section Paradrop
BloodSpark
Tanzeel
Cons01
周末不日常
con_007
Valieriumborn
FloppyBob
A Chunky Chaffinch
0
0
Comments
sign in to comment!
No comments posted yet!